Match 45616892
Unlisted

Match 45616892
End
Pioneer Squad
Construct Infanterie Kompanie
MG 42 Machine Gun Team
Grenadier Squad
Grenadier Squad
Construct Luftwaffe Kompanie
221 Scout Car
221 Scout Car
Jäger Squad
Construct Panzer Kompanie
Selects Mechanized Battlegroup
Selects Mobile Repair Stations
Selects Wespe Self-propelled Artillery
Wespe Self-propelled Artillery
Luftwaffe Officer Quarters
Jäger Squad
Wespe Self-propelled Artillery
Panzer IV Medium Tank
Side Skirts
Boneless
Arwootarch
ValiantHawk
BazookaJoe
shor
THE default
Mølle
NoX
0
0

Comments sign in to comment!

No comments posted yet!